 Dungeon Crawl Stone Soup version 0.28-a0-1429-gf3d713df7a (webtiles) character file.

Game seed: 10539172851669380377

472 Armakuni the Skirmisher (level 7, -1/56 HPs)
             Began as a Human Transmuter on Jan 8, 2022.
             Killed from afar by Blork the orc (7 damage)
             ... with a puff of frost
             ... on level 4 of the Dungeon.
             The game lasted 00:11:01 (6025 turns).

Armakuni the Skirmisher (Human Transmuter)          Turns: 6025, Time: 00:11:02

Health: -1/56      AC:  5    Str: 12    XL:     7   Next: 31%
Magic:  10/10      EV: 11    Int: 14    God:
Gold:   128        SH:  4    Dex: 13    Spells: 1/10 levels left

rFire   . . .      SeeInvis .   a - +2 dagger (venom)
rCold   . . .      Faith    .   h - +0 buckler
rNeg    . . .      Spirit   .   f - +0 ring mail
rPois   .          Reflect  .   (no helmet)
rElec   .          Harm     .   (no cloak)
rCorr   .          Rampage  .   (no gloves)
Will    .....                   (no boots)
Stlth   +.........              M - amulet of magic regeneration
HPRegen 0.18/turn               (no ring)
MPRegen 0.52/turn               (no ring)

@: no status effects
A: no striking features
a: no special abilities


You were on level 4 of the Dungeon.
You visited 1 branch of the dungeon, and saw 5 of its levels.

You collected 128 gold pieces.

Inventory:

Hand Weapons
 a - a +2 dagger of venom (weapon)
 b - a +1 short sword of venom
 g - a +0 quarterstaff
 l - a +0 hand crossbow
Missiles
 d - 6 poisoned darts (quivered)
 m - 12 bolts
Armour
 f - a +0 ring mail (worn)
 h - a +0 buckler (worn)
Jewellery
 M - an amulet of magic regeneration (around neck)
Scrolls
 i - 3 scrolls of identify
Potions
 c - 2 potions of mutation
 e - 2 potions of might
 j - a potion of flight


   Skills:
 - Level 5.0 Fighting
 - Level 2.2 Armour
 - Level 4.4 Dodging
 + Level 1.1 Shields
 - Level 3.0 Unarmed Combat
 - Level 2.0 Spellcasting
 - Level 2.0 Transmutations


You had one spell level left.
You knew the following spells:

 Your Spells              Type           Power      Damage    Failure   Level
a - Apportation           Tloc           2%         N/A       56%         1
i - Alistair's Intoxicat  Tmut/Pois      2%         N/A       100%        5
w - Wereblood             Tmut           7%         N/A       43%         2
z - Beastly Appendage     Tmut           14%        N/A       30%         1

Your spell library contained the following spells:

 Spells                   Type           Power      Damage    Failure   Level
 Slow                     Hex            4%         N/A       56%         1
 Ensorcelled Hibernation  Hex/Ice        2%         N/A       71%         2
 Static Discharge         Conj/Air       1%         N/A       71%         2
 Spider Form              Tmut/Pois      4%         N/A       80%         3
 Confusing Touch          Hex            1%         N/A       91%         3
 Vampiric Draining        Necr           1%         2d6       91%         3
 Ice Form                 Ice/Tmut       4%         N/A       99%         4
 Lightning Bolt           Conj/Air       0%         1d11      100%        5
 Maxwell's Capacitive Co  Air            0%         ∞         100%        8


Dungeon Overview and Level Annotations

Branches:
Dungeon (5/15)
 Temple: D:4-7

Altars:

Annotations:
D:4 Blork the orc


Message History

Blork the orc is lightly wounded.
Blork the orc hits you but does no damage.
You hit Blork the orc.
Blork the orc is moderately wounded.
Blork the orc barely misses you.
You hit Blork the orc.
Blork the orc looks as sick as possible!
Blork the orc is moderately wounded.
Blork the orc misses you.
You hit Blork the orc.
Blork the orc looks as sick as possible!
Blork the orc is moderately wounded.
Blork the orc hits you with a +0 hand axe.
You hit Blork the orc.
Blork the orc looks as sick as possible!
Blork the orc is heavily wounded.
You block Blork the orc's attack.
You hit Blork the orc.
Blork the orc looks as sick as possible!
Blork the orc is heavily wounded.
Blork the orc hits you with a +0 hand axe!
You hit Blork the orc but do no damage.
Blork the orc looks as sick as possible!
Blork the orc is heavily wounded.
Blork the orc closely misses you.
You closely miss Blork the orc.
Blork the orc is severely wounded.
Blork the orc points at you and mumbles some strange words.
The puff of flame hits you!
* * * LOW HITPOINT WARNING * * *
You barely miss Blork the orc.
Blork the orc is severely wounded.
Blork the orc hits you with a +0 hand axe.
* * * LOW HITPOINT WARNING * * *
Okay, then.
Unknown command.
You aren't carrying any items that you can evoke.
Blork the orc points at you and mumbles some strange words.
The puff of frost hits you!
You die...

.≈.....# ###......###.# #....#...
.......###...###......######.....
.....).##..####.........######...
(..≈......## ##............#.....
##≈≈≈.....####...................
##........##....................
#.....#.......#...........##...
####.#.......##....[.....###...
####...#.##.....@>o........###...
#........##..............(.......
...#######.....##......#..#..#..#
###......................#..#..#.
.##.................#...#..#..#..
.##........>.......[...#..#..#..#
.#........>.........##...#..#..#.
.#.#.....#.......................
.######.##.......................


You could see Blork the orc (extremely poisoned).

Vanquished Creatures
  A necrophage (D:3)
  A scorpion (D:4)
  A water moccasin skeleton (D:2)
  A hound (D:4)
  A jelly (D:3)
  2 orc wizards (D:3)
  A hound skeleton (D:4)
  3 gnolls
  2 adders
  An ufetubus (D:4)
  2 worms
  A dart slug (D:1)
  12 orcs
  5 ball pythons
  4 endoplasms
  6 giant cockroaches
  9 goblins
  6 hobgoblins
  8 jackals (D:1)
  3 quokkas
  4 bats
  3 frilled lizards
  6 kobolds
  11 rats
94 creatures vanquished.

Notes
Turn   | Place    | Note
-------+----------+-------------------------------------------
     0 | D:1      | Armakuni the Human Transmuter began the quest for the Orb.
     0 | D:1      | Reached XP level 1. HP: 15/15 MP: 3/3
   132 | D:1      | Found a faded altar of an unknown god.
   359 | D:1      | Learned a level 1 spell: Apportation
   538 | D:1      | Gained mutation: Your mind is acute. (Int +2) [potion of
                  | mutation]
   538 | D:1      | Lost mutation: Your mind is acute. (Int +2) [potion of
                  | mutation]
   545 | D:1      | Reached skill level 1 in Armour
   545 | D:1      | Reached XP level 2. HP: 8/21 MP: 3/5
   586 | D:1      | Learned a level 2 spell: Wereblood
  1180 | D:1      | Reached skill level 2 in Fighting
  1238 | D:1      | Reached XP level 3. HP: 27/27 MP: 4/6
  1947 | D:2      | Reached skill level 3 in Fighting
  2150 | D:2      | Reached XP level 4. HP: 35/35 MP: 7/7
  2253 | D:2      | Reached XP level 5. HP: 22/41 MP: 8/8
  2729 | D:3      | Reached skill level 4 in Fighting
  3743 | D:3      | Noticed a necrophage
  3983 | D:3      | Reached XP level 6. HP: 46/48 MP: 9/9
  4330 | D:3      | Killed a necrophage
  4512 | D:3      | Learned a level 5 spell: Alistair's Intoxication
  5196 | D:4      | Reached XP level 7. HP: 37/55 MP: 10/10
  5446 | D:3      | Reached skill level 5 in Fighting
  5980 | D:5      | Entered Level 5 of the Dungeon
  5980 | D:5      | Noticed Blork the orc
  6009 | D:4      | Reached skill level 1 in Shields
  6025 | D:4      | Killed from afar by Blork the orc

Illustrated notes

Levels and vault maps discovered:
D:1:      dpeg_arrival_solitude, layout_loops_cross,
          hellmonk_ecumenical_altar_leap_of_faith, amcnicky_mini_pool_small,
          minmay_misc_feat_columns
D:2:      layout_rooms
D:3:      layout_basic, grunt_ministairs_3, grunt_decor_mini_mirrors
D:4:      layout_rooms, minmay_misc_feat_diagonals,
          chequers_serial_rivers_small_b, kennysheep_minor_cross
D:5:      cheibrodos_quashed, layout_cave_pools,
          lemuel_zombie_altar_yredelemnul,
          mainiacjoe_overflow_concentric_impassable,
          minmay_temple_entry_glassed_door, uniq_blork_the_orc

Skill      XL: |  1  2  3  4  5  6  7 |
---------------+----------------------+-----
Armour         | 1 2 |  2.2
Fighting       | 2 3 4 5 |  5.0
Dodging        | 3 4 |  4.4
Shields        | 1 |  1.1
Unarmed Combat | |  3.0
Spellcasting   | |  2.0
Transmutations | |  2.0

Action                   |  1- 3 |  4- 6 |  7- 9 || total
-------------------------+-------+-------+-------++-------
Melee: Unarmed           |    32 |       |       ||    32
       Kick              |    21 |    10 |       ||    31
       Headbutt          |    17 |     5 |       ||    22
       Punch             |     2 |     4 |       ||     6
       Short sword       |    68 |     2 |       ||    70
       Dagger            |     4 |   168 |    49 ||   221
Throw: Throwing net      |       |       |     2 ||     2
 Cast: Beastly Appendage |    24 |     6 |       ||    30
       Wereblood         |       |     1 |       ||     1
  Use: Potion            |     2 |       |     1 ||     3
       Scroll            |     4 |     2 |       ||     6
 Stab: Invisible         |     1 |       |       ||     1
       Sleeping          |     1 |       |       ||     1
Armor: Robe              |    13 |     7 |       ||    20
       Leather armour    |       |     3 |       ||     3
       Ring mail         |       |    23 |    15 ||    38
Dodge: Dodged            |    68 |   105 |    25 ||   198
Block: Buckler           |       |       |     8 ||     8

Table legend: (Time is in decaauts)
 A = Elapsed time spent in this place.
 B = Non-inter-level travel time spent in this place.
 C = Inter-level travel time spent in this place.
 D = Time resting spent in this place.
 E = Time spent auto-exploring this place.
 F = Levels seen in this place.
 G = Mean time per level.
                   A        B        C        D        E       F      G
               +--------+--------+--------+--------+--------+-----+--------+
         Total |   6038 |   5780 |    258 |   2016 |   2642 |   5 | 1207.6 |
       Dungeon |   6038 |   5780 |    258 |   2016 |   2642 |   5 | 1207.6 |
               +--------+--------+--------+--------+--------+-----+--------+

Top non-repeatable levels by time:
     D:2: 1782 daAuts
     D:1: 1670 daAuts
     D:3: 1509 daAuts
     D:4: 1066 daAuts
     D:5: 9 daAuts
